 Dungeon Crawl Stone Soup version 0.30-a0-557-ge2afbf3030 (webtiles) character file.

Game seed: 17287213472321122417

29117 Jase the Thaumaturge (level 13, -1/106 HPs)
             Began as a Djinni Hedge Wizard on Dec 27, 2022.
             Was a Believer of Ashenzari.
             Engulfed by a cloud of flame (6 damage)
             ... on level 11 of the Dungeon.
             The game lasted 01:47:05 (19557 turns).

Jase the Thaumaturge (Djinni Hedge Wizard)         Turns: 19557, Time: 01:47:05

Health: -1/106     AC: 11    Str:  9    XL:     13   Next: 78%
Gold:   1288       EV: 15    Int: 19    God:    Ashenzari [**....] SH:  5 Dex: 15

rFire   + + .      SeeInvis +    a - +1 dagger (freeze)
rCold   . . .      Faith    .    (no shield)
rNeg    . . .      Spirit   .    n - +0 leather armour "Urgency of Ashenzari" {rF+ rCorr, Self, Range} (curse)
rPois   ∞          Reflect  +    L - +0 helmet
rElec   .          Harm     .    T - +0 cloak
rCorr   +          Rampage  .    A - +1 pair of gloves
Will    +....                    (boots unavailable)
Stlth   ++                       p - amulet "Clairvoyant Idealism" {Reflect SH+5, Melee, Self} (curse)
HPRegen 0.37/turn                h - ring of Ashenzari's Seer {AC+4, Melee, Self} (curse)
MPRegen 0.00/turn                O - ring of ice

@: flying
A: sickness immunity, fire resistance 2, cold vulnerability 1, float, innate
caster, HP casting, extra vitality 1
a: Renounce Religion, Curse Item, Shatter the Chains


You were on level 11 of the Dungeon.
You worshipped Ashenzari.
Ashenzari was pleased with you.
You visited 3 branches of the dungeon, and saw 16 of its levels.
You also visited: Sewer.

You collected 1288 gold pieces.

Inventory:

Hand Weapons
 a - a +1 dagger of freezing (weapon)
 b - a +4 heavy short sword
 c - a +2 hand axe of flaming
 d - a +1 long sword of holy wrath
Missiles
 j - 33 poisoned darts
 r - 14 boomerangs
 E - 81 stones
 J - 2 throwing nets
 M - 2 javelins
 Q - a curare-tipped dart
 W - 2 boomerangs of dispersal
 Y - 2 atropa-tipped darts
Armour
 n - the cursed +0 leather armour "Urgency of Ashenzari" (worn) {rF+ rCorr, Self, Range}
   (You took it off an orc on level 8 of the Dungeon)

   rF:        It protects you from fire.
   rCorr:     It protects you from acid and corrosion.
   It has a curse which improves the following skills: Introspection: Fighting
   and Spellcasting.
   Ranged Combat: Ranged Weapons and Throwing.
 A - a +1 pair of gloves (worn)
 B - the +1 buckler "Qepian" {rPois Str+5}
   (You found it on level 4 of the Dungeon)

   Str:       It affects your strength (+5).
   rPois:     It protects you from poison.
 L - a +0 helmet (worn)
 T - a +0 cloak (worn)
Magical Staves
 z - a staff of death
Jewellery
 h - the cursed ring of Ashenzari's Seer (left hand) {AC+4, Melee, Self}
   (You found it on level 1 of the Dungeon)

   [ring of protection]

   AC:        It affects your AC (+4).
   It has a curse which improves the following skills: Melee Combat: Short
   Blades, Long Blades, Axes, Maces & Flails, Polearms, Staves and Unarmed
   Combat.
   Introspection: Fighting and Spellcasting.
 p - the cursed amulet "Clairvoyant Idealism" (around neck) {Reflect SH+5, Melee, Self}
   (You found it on level 2 of the Dungeon)

   [amulet of reflection]

   It reflects blocked missile attacks.
   SH:        It affects your SH (+5).
   It has a curse which improves the following skills: Melee Combat: Short
   Blades, Long Blades, Axes, Maces & Flails, Polearms, Staves and Unarmed
   Combat.
   Introspection: Fighting and Spellcasting.
 x - a ring of see invisible
 O - a ring of ice (right hand)
 P - a ring of resist corrosion
 U - a +4 ring of evasion
Wands
 g - a wand of polymorph (4)
 s - a wand of digging (12)
 t - a wand of mindburst (9)
 y - a wand of quicksilver (7)
 H - a wand of charming (4)
 X - a wand of flame (7)
 Z - a wand of iceblast (10)
Scrolls
 l - a scroll of poison
 q - 2 scrolls of blinking
 u - 3 scrolls of butterflies
 v - 2 scrolls of fog
 F - a scroll of brand weapon
 I - a scroll of fear
 K - 6 scrolls of teleportation
 N - 2 scrolls of enchant weapon
 R - 2 scrolls of silence
 V - a scroll of magic mapping
Potions
 e - 3 potions of heal wounds
 f - 4 potions of ambrosia
 i - 6 potions of brilliance
 k - 3 potions of mutation
 m - 4 potions of curing
 o - 2 potions of lignification
 w - 3 potions of haste
 C - 5 potions of resistance
 D - 3 potions of cancellation
 G - 3 potions of attraction
 S - 4 potions of invisibility


   Skills:
 + Level 12.4(14.9) Fighting
 + Level 2.4(4.0) Short Blades
 - Level 2.0(3.4) Axes
 + Level 8.4 Dodging
 + Level 2.8 Stealth
 * Level 13.1(15.5) Spellcasting


You had 13 spell levels left.
You knew the following spells:

 Your Spells              Type           Power      Damage    Failure   Level
a - Magic Dart            Conj           100%       1d8       0%          1
b - Slow                  Hex            100%       N/A       0%          1
c - Blink                 Tloc           100%       N/A       0%          2
d - Call Imp              Summ           65%        N/A       0%          2
e - Cigotuvi's Dreadful   Necr/Pois/Air  100%       N/A       0%          2
f - Mephitic Cloud        Conj/Pois/Air  65%        N/A       1%          3
g - Apportation           Tloc           100%       N/A       0%          1
h - Searing Ray           Conj           100%       2d8       0%          2
i - Inner Flame           Hex/Fire       65%        N/A       1%          3
j - Flame Wave            Conj/Fire      65%        2d15      1%          4
k - Petrify               Tmut/Erth      65%        N/A       1%          4
l - Silence               Hex/Air        32%        N/A       1%          5
Your spell library was empty.

Dungeon Overview and Level Annotations

Branches:
Dungeon (11/15)            Temple (1/1) D:5            Lair (4/5) D:8
 Shoals (0/4) Lair:2       Spider (0/4) Lair:3          Orc (0/2) D:10
  Sewer (visited)
  Slime: Lair:4-5

Altars:
Ashenzari
Cheibriados
Dithmenos
Elyvilon
Fedhas
Gozag
Hepliaklqana
Makhleb
Nemelex Xobeh
Ru
Trog
Wu Jian
Xom
Yredelemnul
Zin
The Shining One

Shops:
D:6 *   D:7 :   D:10 :

Annotations:
D:5 3 exclusions
D:10 3 runed translucent doors, lotum's ghost, novice FoFi
Lair:3 1 runed translucent door, Zuegunnahai's ghost, journeyman AtFi


Innate Abilities, Weirdness & Mutations

You are immune to sickness and miasma.
You are immune to poison.
Your flesh is very heat resistant. (rF++)
You are vulnerable to cold. (rC-)
You float through the air rather than walking.
You learn spells naturally, not from books.
Your magical power is your life essence.
You have superior vitality. (+4 MHP)


Message History

Confirm with . or Enter, or press ? or * to list all spells.
Aiming: Petrify (safe; 1% risk of failure)
Press: ? - help, Shift-Dir - straight line, f - boulder beetle
Aim: a boulder beetle (almost dead, inner flame, chance to affect: 62%)
The boulder beetle resists with significant effort.
* * * LOW HITPOINT WARNING * * *
The boulder beetle curls into a ball and begins rolling!
Casting: Petrify (safe; 1% risk of failure)
Confirm with . or Enter, or press ? or * to list all spells.
Aiming: Petrify (safe; 1% risk of failure)
Press: ? - help, Shift-Dir - straight line, f/p - boulder beetle
Aim: a boulder beetle (almost dead, rolling, inner flame, chance to affect: 62%)
The boulder beetle resists with significant effort.
* * * LOW HITPOINT WARNING * * *
Casting: Petrify (safe; 1% risk of failure)
Confirm with . or Enter, or press ? or * to list all spells.
Aiming: Petrify (safe; 1% risk of failure)
Press: ? - help, Shift-Dir - straight line, f/p - boulder beetle
Aim: a boulder beetle (almost dead, rolling, inner flame, chance to affect: 62%)
The boulder beetle is moving more slowly.
* * * LOW HITPOINT WARNING * * *
Casting: Petrify (safe; 1% risk of failure)
Confirm with . or Enter, or press ? or * to list all spells.
Okay, then.
The boulder beetle stops moving altogether!
The helpless boulder beetle fails to defend itself.
You impale the boulder beetle!!
Flame seeps out of the boulder beetle.
You freeze the boulder beetle.
The boulder beetle is almost dead.
The helpless boulder beetle fails to defend itself.
You puncture the boulder beetle!
Flame seeps out of the boulder beetle.
You freeze the boulder beetle.
The boulder beetle is almost dead.
The helpless boulder beetle fails to defend itself.
You impale the boulder beetle!! You freeze the boulder beetle.
The boulder beetle explodes!
The fiery explosion engulfs you. You resist.
* * * LOW HITPOINT WARNING * * *
You are engulfed in blazing flames.
You resist.
You die...

#.......#
*
###..####
#.## ,*
###.# *
##...# *
..########
##..### ,
.........#
##..## ,,
...#####.#
##..## *
#@####..##
* *
#§°#....#
,
##.§....#
* *,
###>...# ,
* #....# *
, * #....#
, , *
#.#### ,
#.# * #.#


There were no monsters in sight!

Vanquished Creatures
  Gastronok (D:8)
  Josephine (D:10)
  A hydra (Lair:4)
  A boulder beetle (D:11)
  3 death yaks (Lair:3)
  A two-headed ogre (D:10)
  Lodul (D:10)
  A deep troll (Lair:1)
  An oklob plant (Lair:3)
  A cyclops (D:11)
  Maurice (D:8)
  2 black mambas
  6 elephants (Lair:3)
  3 cane toads
  A gargoyle (D:10)
  5 komodo dragons
  2 rime drakes
  3 kobold demonologists
  2 trolls
  Prince Ribbit (D:8)
  A hornet (D:9)
  Grinder (D:3)
  9 blink frogs
  A shadow (D:11)
  5 wraiths (D:10)
  2 wyverns
  24 yaks
  2 redbacks (Lair:3)
  5 steam dragons
  2 acid dragons
  8 water moccasins
  2 sky beasts
  Pargi (Sewer)
  4 orc warriors
  2 black bears (D:5)
  2 ice beasts
  8 ogres
  6 wolves (Lair:3)
  7 centaurs
  3 kobold brigands
  A phantom (D:2)
  2 gnoll sergeants (D:10)
  6 bullfrogs
  2 scorpions
  5 necrophages
  7 wights
  18 killer bees
  2 electric eels (D:9)
  2 howler monkeys
  A bullfrog zombie (D:4)
  2 jellies
  6 orc priests
  A hound (D:5)
  4 gnoll boudas
  2 iguanas
  Ijyb (D:3)
  6 orc wizards
  3 hell rats (Lair:3)
  A hound zombie (D:4)
  25 gnolls
  9 adders
  2 white imps
  An ufetubus (D:6)
  An adder zombie (D:4)
  5 worms
  3 dart slugs
  54 orcs
  2 bats (D:2)
  7 endoplasms
  3 giant cockroaches
  8 hobgoblins
  3 quokkas
  11 ball pythons
  10 frilled lizards
  11 goblins
  10 kobolds
  4 rats
  4 bushes
378 creatures vanquished.

Vanquished Creatures (collateral kills)
  A centaur (Lair:2)
  A howler monkey (D:4)
  A jelly (D:5)
  A hound (D:5)
  An iguana (D:5)
  A hell rat (Lair:3)
  Robin (D:4)
  3 gnolls
  An adder (D:5)
  5 orcs
  An endoplasm (D:4)
  A giant cockroach (D:4)
  2 hobgoblins (D:4)
  A quokka (D:5)
  2 goblins (D:4)
23 creatures vanquished.

Vanquished Creatures (others)
  29 fungi
  39 plants
68 creatures vanquished.

Grand Total: 469 creatures vanquished

Notes
Turn   | Place    | Note
-------+----------+-------------------------------------------
     0 | D:1      | Jase the Djinni Hedge Wizard began the quest for the Orb.
     0 | D:1      | Jase set off with the following spells memorised: Magic
                  | Dart, Slow, Blink, Call Imp, Cigotuvi's Dreadful Rot,
                  | Mephitic Cloud.
     0 | D:1      | Reached XP level 1. HP: 15/15 MP: 0/0
   111 | D:1      | Reached XP level 2. HP: 9/22 MP: 0/0
   287 | D:1      | Reached skill level 1 in Fighting
   452 | D:1      | Reached XP level 3. HP: 25/27 MP: 0/0
   452 | D:1      | Learned a level 1 spell: Apportation
   632 | D:1      | Reached skill level 3 in Spellcasting
   781 | D:2      | Identified the +8 spear of Yriporodd {antimagic, Fragile
                  | Int+2 Dex+4 SInv}
   816 | D:2      | Noticed a phantom
   831 | D:2      | Killed a phantom
   832 | D:2      | Reached XP level 4. HP: 10/33 MP: 0/0
   832 | D:2      | Reached XP level 5. HP: 12/38 MP: 0/0
   832 | D:2      | Learned a level 2 spell: Searing Ray
   936 | D:2      | Found a faded altar of an unknown god.
  1607 | D:3      | Found a shadowy altar of Dithmenos.
  1755 | D:3      | Found a glowing golden altar of the Shining One.
  1943 | D:3      | Reached skill level 4 in Spellcasting
  2009 | D:3      | Reached XP level 6. HP: 25/45 MP: 0/0
  2130 | D:3      | Noticed Ijyb
  2237 | D:3      | Killed Ijyb
  2692 | D:3      | Noticed Grinder
  2700 | D:3      | Killed Grinder
  2701 | D:3      | Reached skill level 5 in Spellcasting
  2701 | D:3      | Reached XP level 7. HP: 18/51 MP: 0/0
  2701 | D:3      | Learned a level 3 spell: Inner Flame
  3346 | D:4      | Noticed Robin
  3357 | D:4      | Killed Robin
  3564 | D:4      | Found a shimmering altar of Xom.
  3944 | D:4      | Reached XP level 8. HP: 54/58 MP: 0/0
  3998 | D:4      | Identified the +1 buckler "Qepian" {rPois Str+5}
  4157 | D:4      | Found a blossoming altar of Fedhas.
  4414 | D:4      | Reached skill level 6 in Spellcasting
  4425 | D:4      | Reached skill level 5 in Fighting
  4570 | D:5      | Entered Level 5 of the Dungeon
  4768 | D:5      | Reached skill level 7 in Spellcasting
  4768 | D:5      | Reached XP level 9. HP: 59/66 MP: 0/0
  4768 | D:5      | Learned a level 4 spell: Flame Wave
  4862 | D:5      | Found a staircase to the Ecumenical Temple.
  4869 | Temple   | Entered the Ecumenical Temple
  4889 | Temple   | Became a worshipper of Ashenzari the Shackled
  4956 | D:5      | Found a glowing drain.
  4993 | Sewer    | Entered a sewer
  5084 | Sewer    | Noticed Pargi
  5095 | Sewer    | Killed Pargi
  6057 | D:5      | Upgraded the game from 0.30-a0-553-g7fabdf1491 to
                  | 0.30-a0-557-ge2afbf3030
  6366 | D:6      | Found Anuir's Assorted Antiques.
  7238 | D:7      | Reached skill level 8 in Spellcasting
  7969 | D:7      | Reached XP level 10. HP: 73/76 MP: 0/0
  8070 | D:7      | Found Batheyph's Self-Improvement Boutique.
  8111 | D:7      | Reached * piety under Ashenzari
  8464 | D:8      | Reached skill level 9 in Spellcasting
  8517 | D:8      | Found a staircase to the Lair.
  8703 | D:8      | Noticed Prince Ribbit
  8709 | D:8      | Killed Prince Ribbit
  8972 | D:8      | Noticed Gastronok
  8981 | D:8      | Killed Gastronok
  8982 | D:8      | Reached skill level 10 in Spellcasting
  9124 | D:8      | Found a basalt altar of Yredelemnul.
  9140 | D:8      | Found a hazy altar of Hepliaklqana.
  9194 | D:8      | Identified the +0 leather armour of Plog {rF+ rCorr}
  9376 | D:8      | Found a sacrificial altar of Ru.
  9546 | D:8      | Noticed Maurice
  9551 | D:8      | Killed Maurice
  9552 | D:8      | Reached XP level 11. HP: 79/86 MP: 0/0
  9552 | D:8      | Learned a level 4 spell: Petrify
 10060 | D:9      | Noticed a sixfirhy
 10585 | D:9      | Reached skill level 11 in Spellcasting
 10810 | D:9      | Found a glowing silver altar of Zin.
 10868 | D:9      | Found a sparkling altar of Nemelex Xobeh.
 11097 | Lair:1   | Entered Level 1 of the Lair of Beasts
 11403 | Lair:1   | Reached skill level 1 in Axes
 11419 | Lair:1   | Reached skill level 10 in Fighting
 11962 | Lair:1   | Reached XP level 12. HP: 59/95 MP: 0/0
 12136 | Lair:1   | Reached ** piety under Ashenzari
 12399 | Lair:1   | Noticed a deep troll
 12416 | Lair:1   | Killed a deep troll
 13373 | Lair:2   | Found a staircase to the Shoals.
 13675 | Lair:3   | Reached skill level 5 in Dodging
 13896 | Lair:3   | Noticed a death yak
 13896 | Lair:3   | Noticed a death yak
 13910 | Lair:3   | Noticed a death yak
 13913 | Lair:3   | Killed a death yak
 13923 | Lair:3   | Killed a death yak
 14164 | Lair:3   | Killed a death yak
 14390 | Lair:3   | Reached skill level 12 in Spellcasting
 15215 | Lair:3   | Found a hole to the Spider Nest.
 15260 | Lair:3   | Reached XP level 13. HP: 99/105 MP: 0/0
 15260 | Lair:3   | Learned a level 5 spell: Silence
 15931 | Lair:3   | Found a runed translucent door.
 15932 | Lair:3   | Noticed an eight-headed hydra
 15937 | Lair:3   | Noticed Zuegunnahai's ghost (journeyman AtFi)
 16501 | Lair:4   | Noticed a five-headed hydra
 17219 | Lair:4   | Killed a five-headed hydra
 17473 | D:10     | Entered Level 10 of the Dungeon
 17562 | D:10     | Reached skill level 1 in Short Blades
 17580 | D:10     | Found Meteplash's Book Emporium.
 17779 | D:10     | Noticed a catoblepas
 17781 | D:10     | Noticed lotum's ghost (novice FoFi)
 17791 | D:10     | Found a white marble altar of Elyvilon.
 17795 | D:10     | Found a runed translucent gate.
 17795 | D:10     | Found a runed translucent gate.
 17795 | D:10     | Found a runed translucent gate.
 18089 | D:10     | Noticed Lodul
 18098 | D:10     | Killed Lodul
 18112 | D:10     | Reached skill level 13 in Spellcasting
 18266 | D:10     | Found an ornate altar of the Wu Jian Council.
 18290 | D:10     | Noticed Josephine
 18303 | D:10     | Killed Josephine
 18503 | D:10     | Identified the +2 robe of a bailey {rF+ SInv Archmagi}
 18720 | D:10     | Found a staircase to the Orcish Mines.
 19031 | D:10     | Found a burning altar of Makhleb.
 19557 | D:11     | HP: 5/106 [spore (5)]
 19557 | D:11     | Engulfed by a cloud of flame

Illustrated notes

Levels and vault maps discovered:
D:1:      dpeg_arrival_round_c, layout_basic
D:2:      layout_loops_ring, hellmonk_ecumenical_altar_lost_god,
          minmay_misc_feat_five, grunt_decor_resistance
D:3:      cheibrodos_pilgrimage, layout_loops_cross,
          nicolae_tso_carved_into_rock,
          nicolae_dithmenos_through_a_glass_darkly, hangedman_feature_mirror,
          uniq_ijyb, uniq_grinder
D:4:      layout_basic, fedhas_altar_decomposition, mainiacjoe_overflow_catwalk,
          minmay_ruptured, uniq_robin
D:5:      layout_layer_cave, minmay_temple_entry_mini_moons,
          cheibrodos_sewer_entry_bend, saegor_snake_ambush
D:6:      layout_basic, serial_shops, nicolae_shop_crystal,
          nicolae_figureground_sparkle
D:7:      layout_rooms, minivault_22, nicolae_shop_self_help
D:8:      layout_loops_cross, lemuel_round_altar, kennysheep_mini_moat,
          mainiacjoe_overflow_alcove_4, minmay_strange_pillars,
          uniq_prince_ribbit1, uniq_maurice, uniq_gastronok
D:9:      layout_roguey, nicolae_overflow_squiral, zin_scriptorium,
          lemuel_doored_altar, roderic_lattice_a
D:10:     layout_roguey, kennysheep_mini, mainiacjoe_overflow_catwalk_spiral,
          david_orc_5, serial_shops, shop_statue, gammafunk_ghost_split,
          minmay_fractal_squares_diagonal_5, uniq_lodul, uniq_josephine
D:11:     layout_basic, serial_shops, shop, kennysheep_generic_room_13
Temple:   hellmonk_temple_of_storms
Lair:1:   dreamdust_cave_troll, layout_gridlike
Lair:2:   layout_chaotic_city, minmay_shoals_entry_centaurs
Lair:3:   layout_cave_pods, spider_nest_entry_webs, ebering_ghost_inner_flame
Lair:4:   dreamdust_isle_of_ice, layout_loops_ring, slime_entry_1,
          grunt_megastairs_2

Skill      XL: |  1  2  3  4  5  6  7  8  9 10 11 12 13 |
---------------+----------------------------------------+-----
Fighting       | 1 2 3 4 5 7 9 10 11 12 | 12.4
Spellcasting   | 3 4 5 7 8 10 11 12 13 | 13.1
Axes           | 2 |  2.0
Dodging        | 3 6 8 |  8.4
Short Blades   | 2 |  2.4
Stealth        | 2 |  2.8

Action                   |  1- 3 |  4- 6 |  7- 9 | 10-12 | 13-15 || total
-------------------------+-------+-------+-------+-------+-------++-------
Melee: Dagger            |       |     1 |    42 |    55 |    89 ||   187
       Punch             |       |       |     2 |     2 |     3 ||     7
       Short sword       |       |       |       |       |    13 ||    13
 Cast: Magic Dart        |    67 |   100 |   171 |   193 |    43 ||   574
       Call Imp          |     1 |     6 |    13 |    16 |     1 ||    37
       Searing Ray       |       |     6 |    19 |    68 |    38 ||   131
       Inner Flame       |       |       |    17 |    69 |    31 ||   117
       Mephitic Cloud    |       |       |     5 |       |       ||     5
       Flame Wave        |       |       |     7 |     6 |    14 ||    27
       Blink             |       |       |       |     8 |       ||     8
       Petrify           |       |       |       |     4 |    10 ||    14
       Silence           |       |       |       |       |     3 ||     3
Invok: Curse Item        |       |       |     1 |     2 |       ||     3
  Use: Scroll            |       |       |    11 |     2 |     3 ||    16
       Potion            |       |       |       |       |     1 ||     1
 Stab: Confused          |       |       |     1 |       |       ||     1
       Sleeping          |       |       |     1 |       |       ||     1
       Petrified         |       |       |       |    14 |     9 ||    23
       Petrifying        |       |       |       |     1 |     1 ||     2
Armor: Robe              |     1 |     4 |    33 |     6 |       ||    44
       Leather armour    |       |       |       |    32 |    42 ||    74
Dodge: Dodged            |    10 |    12 |    52 |    69 |   101 ||   244
Block: Other             |       |     2 |    19 |    39 |    33 ||    93
       Reflection        |       |     1 |     4 |     6 |     2 ||    13

Table legend: (Time is in decaauts)
 A = Elapsed time spent in this place.
 B = Non-inter-level travel time spent in this place.
 C = Inter-level travel time spent in this place.
 D = Time resting spent in this place.
 E = Time spent auto-exploring this place.
 F = Levels seen in this place.
 G = Mean time per level.
                   A        B        C        D        E       F      G
               +--------+--------+--------+--------+--------+-----+--------+
         Total |  19571 |  18743 |    828 |   6024 |   9100 |  17 | 1151.2 |
       Dungeon |  13105 |  12677 |    428 |   3430 |   6786 |  11 | 1191.4 |
        Temple |     40 |     40 |      0 |      0 |      0 |   1 |   40.0 |
          Lair |   6188 |   5788 |    400 |   2559 |   2236 |   4 | 1547.0 |
         Sewer |    237 |    237 |      0 |     35 |     78 |   1 |  237.0 |
               +--------+--------+--------+--------+--------+-----+--------+

Top non-repeatable levels by time:
  Lair:3: 3202 daAuts
     D:8: 1704 daAuts
    D:10: 1559 daAuts
     D:9: 1521 daAuts
     D:3: 1502 daAuts
     D:6: 1489 daAuts
  Lair:1: 1396 daAuts
     D:4: 1383 daAuts
     D:5: 1209 daAuts
  Lair:2: 1140 daAuts
     D:2: 952 daAuts
     D:1: 730 daAuts
     D:7: 691 daAuts
  Lair:4: 448 daAuts
    D:11: 360 daAuts
